[Event "Team 45 45 League T60"]
[Site "Internet Chess Club"]
[Date "2014.03.16"]
[Round "3"]
[White "kingsrook"]
[Black "RobertBuice"]
[Result "1-0"]
[WhiteElo "1311"]
[BlackElo "1073"]
[Opening "QGD Slav: 4.Nc3"]
[ECO "D15"]
[Time "14:00:30"]
[TimeControl "2700+45"]

1. d4 d5 2. c4 c6 3. Nf3 Nf6 4. Nc3 Bf5 5. Bg5 Nbd7 6. e3 h6 7. Bh4 e6 8. Bd3
Bb4 9. O-O Bxc3 10. bxc3 Qa5 11. Qc2 dxc4 12. Bxf5 exf5 13. Rfc1 O-O 14. Bxf6
gxf6 15. Nd2 Nb6 16. e4 Kh8 17. Re1 Rg8 18. e5 Rg5 19. e6 Qd5 20. f3 fxe6 21.
Re2 f4 22. Ne4 Rg7 23. Nxf6 Qxf3 24. Rf1 Rxg2+ 25. Rxg2 Qe3+ 26. Kh1 Nd5 27.
Qh7# {Black checkmated} 1-0

[Event "Team 45 45 League T60"]
[Site "Internet Chess Club"]
[Date "2014.03.15"]
[Round "3"]
[White "Littlemon"]
[Black "Shaggy88"]
[Result "0-1"]
[WhiteElo "1466"]
[BlackElo "1639"]
[Opening "QGD: 3.Nc3"]
[ECO "D31"]
[Time "13:00:30"]
[TimeControl "2700+45"]

1. d4 d5 2. c4 e6 3. Nc3 Bb4 4. e3 Nf6 5. Bd2 O-O 6. cxd5 exd5 7. Bd3 c5 8. Nge2
c4 9. Bc2 Nc6 10. O-O Bd6 11. Nb5 Be7 12. b3 a6 13. Nbc3 b5 14. bxc4 bxc4 15.
Ba4 Qd6 16. Rb1 Bf5 17. Rb6 Rfc8 18. Rxc6 Rxc6 19. Bxc6 Qxc6 20. h3 Bd3 21. Re1
h6 22. Nf4 Bd6 23. Nxd3 cxd3 24. Qf3 Ne4 25. Nxe4 dxe4 26. Qd1 Rb8 27. Qc1 Qc2
28. f3 Qxa2 29. fxe4 Rb2 30. Rd1 Bb4 31. Kh2 Rxd2 32. Rxd2 Qxd2 33. Qc8+ Bf8 34.
Qxa6 Qxe3 35. Qa3 Qxd4 36. Qc1 d2 37. Qd1 Qe3 38. Qa4 Qf4+ 39. Kh1 Qf1+ 40. Kh2
d1=Q {White resigns} 0-1

[Event "Team 45 45 League T60"]
[Site "Internet Chess Club"]
[Date "2014.03.18"]
[Round "3"]
[White "stanbeers"]
[Black "Nxs123"]
[Result "1-0"]
[WhiteElo "1539"]
[BlackElo "1588"]
[Opening "English: four knights, 4.e3"]
[ECO "A28"]
[Time "16:00:50"]
[TimeControl "2700+45"]

1. c4 e5 2. Nc3 Nf6 3. Nf3 Nc6 4. e3 Bb4 5. Qc2 O-O 6. Nd5 Bc5 7. Ng5 g6 8.
Nxf6+ Qxf6 9. Ne4 Qe7 10. Nxc5 Qxc5 11. a3 d5 12. b4 Qd6 13. c5 Qf6 14. Bb2 Bf5
15. d3 d4 16. e4 Be6 17. Be2 Qg5 18. g3 Bh3 19. Bc1 Qf6 20. Bh6 Rfe8 21. Qd2 b6
22. Bg5 Qe6 23. Qc2 f6 24. Bd2 Rac8 25. b5 Nb8 26. c6 a6 27. a4 f5 28. Bf1 Bg4
29. Bg2 fxe4 30. Bxe4 Rf8 31. Bb4 Rf7 32. O-O Bh3 33. Bg2 Bf5 34. Rac1 Re8 35.
Rfe1 h5 36. f4 Bh3 37. Rxe5 Qc8 38. Rxe8+ {Black resigns} 1-0

[Event "Team 45 45 League T60"]
[Site "Internet Chess Club"]
[Date "2014.03.15"]
[Round "3"]
[White "ethan0627"]
[Black "oldprez"]
[Result "1-0"]
[WhiteElo "1390"]
[BlackElo "1472"]
[Opening "Pirc: classical (two knights) system"]
[ECO "B08"]
[Time "14:17:08"]
[TimeControl "2700+45"]

1. e4 d6 2. d4 Nf6 3. Nc3 g6 4. Nf3 Bg7 5. Bf4 O-O 6. h3 Nbd7 7. Qd2 Re8 8. Bc4
c5 9. O-O cxd4 10. Nb5 Nb6 11. Bd3 e5 12. Bh6 a6 13. Bxg7 Kxg7 14. Na3 Nh5 15.
Rfe1 Nf4 16. Bf1 h6 17. Nxd4 Qg5 18. Nf3 Qh5 19. Nh2 Qg5 20. Kh1 Qe7 21. Nc4
Nxc4 22. Bxc4 Bd7 23. Rad1 b5 24. Qxd6 Qxd6 25. Rxd6 Re7 26. Bb3 a5 27. Red1 a4
28. Bxf7 Kxf7 29. Rxd7 Rxd7 30. Rxd7+ Ke6 31. Rd2 Rc8 32. Nf3 Rc4 33. Kh2 Rxe4
34. g3 Nd5 35. c3 b4 36. cxb4 Nxb4 37. a3 Nd5 38. Rd1 Re2 39. Rd2 Re4 40. Rd1
Rc4 41. Re1 Rc2 42. Nd4+ Kd6 43. Nxc2 Nb6 44. Rd1+ Ke6 45. Ne3 e4 46. Re1 Ke5
47. Rc1 Kd4 48. Rc6 Na8 49. Rxg6 Kd3 50. Rxh6 Nc7 51. Rc6 Ne8 52. h4 Ng7 53. g4
Ke2 54. Kg2 Ne8 55. h5 Ng7 56. h6 {Black resigns} 1-0

[Event "Team 45 45 League T60"]
[Site "Internet Chess Club"]
[Date "2014.03.18"]
[Round "3"]
[White "Fogbound"]
[Black "MasterD"]
[Result "1-0"]
[WhiteElo "1312"]
[BlackElo "1269"]
[Opening "Queen's pawn: London system"]
[ECO "A45"]
[Time "07:04:24"]
[TimeControl "2700+45"]

1. d4 Nf6 2. Bf4 e6 3. Nf3 b6 4. e3 Bb7 5. Be2 Be7 6. Nbd2 d6 7. c3 Nbd7 8. Qc2
c5 9. Bb5 O-O 10. O-O a6 11. Bd3 h6 12. e4 Rc8 13. Rac1 cxd4 14. Nxd4 e5 15. Ne2
exf4 16. Nxf4 Nc5 17. f3 Nfd7 18. Bc4 b5 19. Bd5 Bxd5 20. Nxd5 Nb6 21. Ne3 Qd7
22. Nf5 d5 23. Rcd1 Qe6 24. exd5 Nxd5 25. Rfe1 Qf6 26. Nb3 Rcd8 27. Rxd5 Rxd5
28. Nxe7+ {Black resigns} 1-0

[Event "Team 45 45 League T60"]
[Site "Internet Chess Club"]
[Date "2014.03.19"]
[Round "3"]
[White "stantheman59"]
[Black "HorseRadish"]
[Result "1-0"]
[WhiteElo "1277"]
[BlackElo "1494"]
[Opening "French: advance, Nimzovich system"]
[ECO "B41"]
[Time "20:02:56"]
[TimeControl "2700+45"]

1. e4 e6 2. d4 c5 3. Nf3 d5 4. e5 Nc6 5. Bb5 Bd7 6. Bxc6 Bxc6 7. O-O Qb6 8. c3
Ne7 9. b3 Nf5 10. Nbd2 cxd4 11. Nxd4 Nxd4 12. cxd4 Qxd4 13. Rb1 Qxe5 14. Nf3 Qc7
15. Bb2 Qb6 16. Bd4 Bc5 17. Bxg7 Rg8 18. Be5 Bb5 19. Qc2 Bxf1 20. Rxf1 Qc6 21.
Qxh7 Ke7 22. Qh4+ Kd7 23. b4 Be7 24. Qf4 Raf8 25. Rc1 Rg4 26. Rxc6 Rxf4 27. Rc7+
Kd8 28. Bxf4 Bxb4 29. Rxb7 Bc5 30. Rb8+ Kd7 31. Rxf8 Bxf8 32. Ne5+ Ke8 33. g4
Bd6 34. Nd3 Be7 35. Be3 f6 36. Bxa7 e5 37. Bc5 Bd8 38. a4 Kd7 39. h4 Kc6 40. h5
e4 41. Nf4 f5 42. gxf5 Bg5 43. Ne6 Bf6 44. h6 Kd7 45. Ng7 d4 46. Kf1 d3 47. Ke1
Bc3+ 48. Kd1 Kc6 49. Ne6 Kd5 50. a5 Bxa5 51. Bd4 Kc4 52. h7 Bc3 53. Bxc3 Kxc3
54. h8=Q+ {Black resigns} 1-0

[Event "Team 45 45 League T60"]
[Site "Internet Chess Club"]
[Date "2014.03.16"]
[Round "3"]
[White "Arawn"]
[Black "rhayder"]
[Result "0-1"]
[WhiteElo "1205"]
[BlackElo "1361"]
[Opening "Center game: Paulsen attack"]
[ECO "C22"]
[Time "12:19:58"]
[TimeControl "2700+45"]

1. e4 e5 2. d4 exd4 3. Qxd4 Nc6 4. Qe3 d6 5. Nc3 g6 6. Bd2 Qe7 7. O-O-O f5 8.
Nd5 Qf7 9. Bc3 Bg7 10. exf5+ Kd8 11. fxg6 Qxg6 12. Bxg7 Qxg7 13. Re1 Nf6 14.
Nxf6 Qxf6 15. f4 Qf7 16. b3 Re8 17. Qxe8+ Qxe8 18. Rxe8+ Kxe8 19. Nf3 Bf5 20. c3
Kd7 21. Nd4 Nxd4 22. cxd4 Re8 23. Kd2 Re4 24. Bb5+ c6 25. Bc4 Rxf4 26. Ke3 Re4+
27. Kd3 Re1+ {White resigns} 0-1

[Event "Team 45 45 League T60"]
[Site "Internet Chess Club"]
[Date "2014.03.15"]
[Round "3"]
[White "arconia"]
[Black "Berke"]
[Result "0-1"]
[WhiteElo "1267"]
[BlackElo "1568"]
[Opening "French defense"]
[ECO "C00"]
[Time "11:00:28"]
[TimeControl "2700+45"]

1. e4 e6 2. Nf3 d5 3. e5 Be7 4. d4 Nc6 5. Be2 Nh6 6. O-O Nf5 7. h3 a6 8. c3 Bd7
9. a4 Na5 10. Nbd2 c5 11. Nh2 cxd4 12. cxd4 Nxd4 13. Bg4 Qc7 14. f4 Qb6 15. Kh1
g6 16. Ndf3 Nf5 17. Bxf5 gxf5 18. Ng5 h5 19. h4 f6 20. Ngf3 Nc4 21. Nd4 fxe5 22.
fxe5 Nxe5 23. Nhf3 Nxf3 24. Nxf3 Bf6 25. Ra2 O-O-O 26. b3 Bc6 27. Re1 Rde8 28.
Be3 Qb4 29. Bd4 Bxd4 30. Nxd4 Bd7 31. Qc2+ Kb8 32. Nf3 Rc8 33. Qb2 Qc3 34. Qa3
Qc7 35. Ne5 Rh7 36. Raa1 Qc5 37. b4 Qc3 38. Qxc3 Rxc3 39. Nxd7+ Rxd7 40. Rxe6 d4
41. a5 d3 42. Re3 Rc2 43. Rd1 d2 44. b5 Rc1 45. Re8+ Kc7 46. b6+ Kc6 47. Re6+
Rd6 {White resigns} 0-1

[Event "Team 45 45 League T60"]
[Site "Internet Chess Club"]
[Date "2014.03.17"]
[Round "3"]
[White "WzeroMN"]
[Black "oldbookseller"]
[Result "1-0"]
[WhiteElo "1131"]
[BlackElo "962"]
[Opening "Ruy Lopez: Berlin defense"]
[ECO "C65"]
[Time "12:01:53"]
[TimeControl "2700+45"]

1. e4 e5 2. Nf3 Nc6 3. Bb5 Nf6 4. Bxc6 dxc6 5. d3 Bd6 6. h3 Be6 7. O-O O-O 8.
Bg5 c5 9. Nbd2 Be7 10. c4 a6 11. Nb3 c6 12. Nxe5 Qc7 13. Nf3 b5 14. e5 Ne8 15.
Bxe7 Qxe7 16. Qc2 Bf5 17. cxb5 Nc7 18. bxc6 Nd5 19. Qxc5 Qe6 20. Nbd4 Qg6 21.
Qxd5 Bxh3 22. Nh4 Qg5 23. Kh1 Rad8 24. Qf3 Bxg2+ 25. Qxg2 Qxh4+ 26. Qh2 Qxd4 27.
Rg1 Qd5+ 28. Qg2 g6 29. Qxd5 Rxd5 30. Rgd1 Rxe5 31. c7 Rh5+ 32. Kg2 Rc8 33. Rac1
Rg5+ 34. Kf3 Rf5+ 35. Kg3 h5 36. f3 Rg5+ 37. Kf2 h4 38. Rh1 Rh5 39. d4 h3 40.
Kg3 f5 41. Rxh3 f4+ 42. Kh2 Rd5 43. Rh4 Rxd4 44. Rg4 Rd2+ 45. Kh3 Kg7 46. Rxf4
Rh8+ 47. Kg3 Rdh2 48. Rg4 R8h3+ 49. Kf4 g5+ 50. Rxg5+ Kf6 51. c8=Q Rh4+ 52. Ke3
Rxb2 53. Qf5+ Ke7 54. Qe5+ {Black resigns} 1-0

[Event "Team 45 45 League T60"]
[Site "Internet Chess Club"]
[Date "2014.03.15"]
[Round "3"]
[White "semperfi"]
[Black "SeniorCitizen"]
[Result "0-1"]
[WhiteElo "1355"]
[BlackElo "1300"]
[Opening "Queen's pawn game"]
[ECO "D05"]
[Time "14:00:14"]
[TimeControl "2700+45"]

1. d4 d5 2. Nf3 e6 3. e3 Nf6 4. Bd3 Bd6 5. Nbd2 Nbd7 6. e4 dxe4 7. Nxe4 Nxe4 8.
Bxe4 O-O 9. Bg5 Be7 10. Qd2 Bxg5 11. Qxg5 Qxg5 12. Nxg5 Nf6 13. Bf3 Rb8 14. O-O
c6 15. c4 Bd7 16. Rfe1 Rfd8 17. Rad1 Be8 18. Nh3 Rd6 19. c5 Rd7 20. Rd3 Rbd8 21.
Red1 e5 22. Ng5 Rxd4 23. Rxd4 Rxd4 24. Rxd4 exd4 25. Be2 Bd7 26. Nf3 Bg4 27. h3
Bxf3 28. gxf3 b6 29. b4 bxc5 30. bxc5 Nd7 31. Kf1 Nxc5 32. Ke1 Kf8 33. Kd2 Ke7
34. Bd3 Nxd3 35. Kxd3 c5 36. Kc4 Kd6 37. f4 a5 38. a4 f5 39. f3 h5 {White
resigns} 0-1

[Event "Team 45 45 League T60"]
[Site "Internet Chess Club"]
[Date "2014.03.14"]
[Round "3"]
[White "medsurg"]
[Black "Aquaman"]
[Result "1/2-1/2"]
[WhiteElo "1332"]
[BlackElo "1370"]
[Opening "Queen's pawn game"]
[ECO "A50"]
[Time "21:00:32"]
[TimeControl "2700+45"]

1. d4 Nf6 2. c4 c6 3. Nc3 d6 4. Nf3 Bg4 5. e4 Nbd7 6. Be2 e5 7. Bg5 Be7 8. dxe5
dxe5 9. Be3 O-O 10. O-O Qc7 11. Nd2 Bxe2 12. Qxe2 b6 13. f3 Rad8 14. Qf2 Nc5 15.
Nb3 Nd3 16. Qe2 Nf4 17. Qf2 Ne6 18. Rad1 Nf4 19. Rd2 Rxd2 20. Qxd2 Rd8 21. Qf2
Nd3 22. Qe2 Nf4 23. Qf2 Nd7 24. Kh1 Nf8 25. Bxf4 exf4 26. Rd1 Ne6 27. Rxd8+ Qxd8
28. Qe2 Nd4 29. Nxd4 Qxd4 30. g4 Bc5 31. Qf1 Bb4 32. Nd1 Be7 33. Qe2 Bc5 34. Qf1
g6 35. Kg2 Qd2+ 36. Kh3 Kg7 37. a3 Bd4 38. Nc3 Bxc3 39. bxc3 Qxc3 40. Qd1 Qxc4
41. Qd6 Qf1+ 42. Kh4 Qxf3 43. Qe5+ Kf8 44. Qd6+ Kg7 45. Qe5+ Kf8 46. Qd6+ {Game
drawn by mutual agreement} 1/2-1/2

[Event "Team 45 45 League T60"]
[Site "Internet Chess Club"]
[Date "2014.03.15"]
[Round "3"]
[White "Fogbound"]
[Black "tcianciola"]
[Result "1-0"]
[WhiteElo "1308"]
[BlackElo "1204"]
[Opening "King's Indian: London system"]
[ECO "A48"]
[Time "08:00:33"]
[TimeControl "2700+45"]

1. d4 Nf6 2. Nf3 g6 3. Bf4 Bg7 4. Nc3 O-O 5. e4 d6 6. Qd2 c5 7. Bh6 cxd4 8. Bxg7
Kxg7 9. Nxd4 e5 10. Nde2 Nc6 11. h3 a6 12. Ng3 h6 13. Be2 Nd4 14. Bd1 b5 15.
Nce2 Qb6 16. c3 Nxe2 17. Bxe2 Bb7 18. Bd3 d5 19. O-O Rfd8 20. Qe2 dxe4 21. Nxe4
Nxe4 22. Bxe4 Bxe4 23. Qxe4 Qe6 24. Rad1 f6 25. Rfe1 Qxa2 26. Qb7+ Qf7 27. Qb6
Qe7 28. Qc6 Rdc8 29. Qf3 Ra7 30. Rd3 e4 31. Rxe4 Qf7 32. Red4 Re8 33. Qd1 Ree7
34. Re3 Red7 35. Red3 Rxd4 36. Rxd4 h5 37. Qf3 Re7 38. Qd1 Qe6 39. Kf1 Qb3 40.
Qxb3 {Black resigns} 1-0

[Event "Team 45 45 League T60"]
[Site "Internet Chess Club"]
[Date "2014.03.15"]
[Round "3"]
[White "Buford-Julep"]
[Black "crazyhorses"]
[Result "1/2-1/2"]
[WhiteElo "1735"]
[BlackElo "1381"]
[Opening "English: Symmetrical, Keres defense"]
[ECO "A30"]
[Time "13:00:41"]
[TimeControl "2700+45"]

1. c4 c5 2. Nf3 Nc6 3. Nc3 e6 4. g3 Nge7 5. Bg2 d5 6. cxd5 Nxd5 7. O-O Be7 8. d4
O-O 9. Nxd5 exd5 10. dxc5 Bxc5 11. Bg5 f6 12. Bd2 Qb6 13. Ne1 Be6 14. Nd3 Bd6
15. Rc1 d4 16. Bf4 Bxf4 17. Nxf4 Bxa2 18. Qa4 Bb3 19. Bd5+ Bxd5 20. Nxd5 Qa5 21.
Qc4 Kh8 22. Rfd1 Rfd8 23. Nf4 Ne5 24. Qc7 Qxc7 25. Rxc7 Rd7 26. Rxd7 Nxd7 27.
Rxd4 Ne5 28. Ne6 Re8 29. Rd8 Rxd8 30. Nxd8 b6 31. b4 a5 32. bxa5 bxa5 33. Nb7
Nc4 34. Kf1 Kg8 35. Ke1 Kf7 36. Kd1 Ke6 37. Kc2 Kd5 38. Kb3 Nd2+ 39. Kc3 Ne4+
40. Kd3 Nxf2+ 41. Kc3 a4 42. Na5 Ng4 43. h4 g5 44. hxg5 fxg5 45. Kb4 a3 46. Kxa3
Kd4 47. Nc6+ Ke3 48. Ne7 Kxe2 49. Nf5 Kf3 50. Kb3 Ne3 51. g4 Nxg4 52. Kc3 h5 53.
Kd2 Kf2 54. Nd6 h4 55. Ne4+ Kg2 56. Nxg5 Ne5 57. Ke2 Nf7 58. Nf3 h3 59. Nh4+ Kg3
60. Nf3 Ne5 61. Nd2 Nd3 62. Nf1+ Kg2 63. Ne3+ Kg1 64. Ng4 Ne5 65. Nxe5 h2 66.
Nf3+ Kg2 67. Nxh2 {Game drawn because neither player has mating material}
1/2-1/2

[Event "Team 45 45 League T60"]
[Site "Internet Chess Club"]
[Date "2014.03.15"]
[Round "3"]
[White "caglar"]
[Black "leopardc"]
[Result "1/2-1/2"]
[WhiteElo "1578"]
[BlackElo "1534"]
[Opening "Scandinavian (center counter) defense"]
[ECO "B01"]
[Time "10:37:55"]
[TimeControl "2700+45"]

1. e4 d5 2. exd5 Qxd5 3. Nf3 c6 4. d4 Bg4 5. Be2 e6 6. c4 Qa5+ 7. Bd2 Qc7 8. Ne5
Bxe2 9. Qxe2 Nf6 10. O-O Be7 11. Re1 O-O 12. Nc3 Rd8 13. Nxf7 Kxf7 14. Qxe6+ Kf8
15. Bf4 Qd7 16. Qe3 Re8 17. Be5 Qd8 18. Rad1 Nbd7 19. Qg5 Nxe5 20. dxe5 Nd7 21.
Qf5+ Bf6 22. Rxd7 Qc8 23. e6 Qxd7 24. Kf1 Qd4 25. Qxh7 Qxc4+ 26. Kg1 Bxc3 27.
bxc3 Qxc3 28. Qh8+ Ke7 29. Qh4+ Kd6 30. Qf4+ Ke7 31. Qf7+ Kd6 32. Qd7+ Kc5 33.
Qd1 Rad8 34. Qh5+ Rd5 35. Qe2 Kd6 36. e7 Qf6 37. Qe3 b6 38. Qa3+ c5 39. Qxa7 Kc6
40. Qa4+ b5 41. Qa6+ Kc7 42. Qa7+ Kc6 43. Qa6+ Kc7 44. Qa7+ Kc6 45. Qa6+ Kc7
{Game drawn by repetition} 1/2-1/2

[Event "Team 45 45 League T60"]
[Site "Internet Chess Club"]
[Date "2014.03.16"]
[Round "3"]
[White "pauliewoll"]
[Black "kingphisch"]
[Result "1-0"]
[WhiteElo "1559"]
[BlackElo "1495"]
[Opening "Caro-Kann: classical, 6.h4"]
[ECO "B18"]
[Time "17:00:47"]
[TimeControl "2700+45"]

1. e4 c6 2. d4 d5 3. Nc3 dxe4 4. Nxe4 Bf5 5. Ng3 Bg6 6. h4 h5 7. Nf3 Nf6 8. Ne5
Bh7 9. Nxh5 Nbd7 10. Nxf6+ Nxf6 11. Bc4 e6 12. Bg5 Be7 13. c3 Qc7 14. Bb3 Nd5
15. Bxe7 Qxe7 16. Qg4 Qf6 17. O-O-O Qf4+ 18. Rd2 Qxg4 19. Nxg4 O-O-O 20. Ne5
Rhf8 21. h5 f6 22. Ng6 Bxg6 23. hxg6 Rh8 24. Rdd1 Rde8 25. g3 f5 26. Rde1 Kd7
27. Kd2 Nc7 28. Rh7 Rxh7 29. gxh7 Rh8 30. Rh1 Ne8 31. g4 fxg4 32. Re1 Nc7 33.
Bc2 Ne8 34. Rg1 Ke7 35. Rxg4 Kf6 36. Rf4+ Ke7 37. Rg4 Kf6 38. f4 Nd6 39. a4 Nf5
40. Bxf5 exf5 41. Rh4 g6 42. c4 Kg7 43. d5 cxd5 44. cxd5 Kf6 45. Kd3 Ke7 46. Kd4
Kd6 47. Rh6 Ke7 48. Ke5 a5 49. d6+ Kd7 50. Kf6 {Black resigns} 1-0

[Event "Team 45 45 League T60"]
[Site "Internet Chess Club"]
[Date "2014.03.14"]
[Round "3"]
[White "PsyMar"]
[Black "SirIvanhoe"]
[Result "0-1"]
[WhiteElo "1340"]
[BlackElo "1612"]
[Opening "Caro-Kann: Panov-Botvinnik attack"]
[ECO "B13"]
[Time "12:03:31"]
[TimeControl "2700+45"]

1. e4 c6 2. d4 d5 3. exd5 cxd5 4. c4 Nf6 5. Nc3 Nc6 6. Nf3 Bg4 7. Be3 e6 8. cxd5
Nxd5 9. Nxd5 Qxd5 10. Be2 Bb4+ 11. Bd2 Qa5 12. Bxb4 Qxb4+ 13. Qd2 O-O 14. Qxb4
Nxb4 15. O-O Rac8 16. h3 Bh5 17. Rfc1 b6 18. Rc3 Nd5 19. Rc4 Nf4 20. Bf1 Bxf3
21. gxf3 Nxh3+ 22. Kg2 Nf4+ 23. Kg3 Nd5 24. Rac1 Rxc4 25. Rxc4 Rd8 26. Bg2 g5
27. f4 {White resigns} 0-1

[Event "Team 45 45 League T60"]
[Site "Internet Chess Club"]
[Date "2014.03.16"]
[Round "3"]
[White "AlliesterMX"]
[Black "PJ"]
[Result "1-0"]
[WhiteElo "1921"]
[BlackElo "1633"]
[Opening "Queen's gambit declined"]
[ECO "D30"]
[Time "15:00:25"]
[TimeControl "2700+45"]

1. d4 d5 2. c4 e6 3. e3 Nf6 4. a3 Be7 5. Nc3 c6 6. c5 Nbd7 7. f4 b6 8. b4 a5 9.
Bb2 Ba6 10. Bxa6 Rxa6 11. Qd3 b5 12. Nf3 Ng4 13. O-O f5 14. h3 Ngf6 15. Ng5 Nf8
16. Nxb5 Ra8 17. Nc3 h6 18. Nf3 N8d7 19. b5 cxb5 20. Nxb5 O-O 21. a4 Nb8 22. Ne5
Qc8 23. Ng6 Rf7 24. Nxe7+ Rxe7 25. Rfb1 Nc6 26. Bc3 Ne8 27. Be1 Rd7 28. Rb2 Qd8
29. Rab1 Qe7 30. Na3 Rc7 31. Rb6 Qd7 32. Nc2 Nf6 33. Ra6 Rca7 34. Rxa7 Rxa7 35.
Rb5 Qc7 36. Rb6 Nd7 37. Rb2 Rb7 38. Rxb7 Qxb7 39. Qb5 Qc7 40. Na1 Nf6 41. Nb3
{Black resigns} 1-0

[Event "Team 45 45 League T60"]
[Site "Internet Chess Club"]
[Date "2014.03.23"]
[Round "3"]
[White "zap2"]
[Black "QuieroAprender"]
[Result "1-0"]
[WhiteElo "1743"]
[BlackElo "1719"]
[Opening "Benko's opening"]
[ECO "A00"]
[Time "10:10:52"]
[TimeControl "2700+45"]

1. g3 Nc6 2. Bg2 f5 3. c4 Nf6 4. Nc3 d6 5. e3 g6 6. Nge2 Bg7 7. O-O Be6 8. d3
O-O 9. Rb1 a6 10. b4 Rb8 11. a4 d5 12. Nf4 Bf7 13. cxd5 Ne5 14. d4 Nc4 15. Qb3
b5 16. axb5 axb5 17. Ne6 Bxe6 18. dxe6 Nd6 19. Ra1 Nfe4 20. Nd5 Nc4 21. Bxe4
fxe4 22. Nc3 Qd6 23. Nxb5 Rxb5 24. Qxc4 Rxb4 25. Qa2 Rb6 26. Ba3 Qxe6 27. Bxe7
Qxa2 28. Rxa2 Rf7 29. Ra8+ Bf8 30. Bc5 Rc6 31. Rc1 Rxc5 32. Rxc5 Kg7 33. Re5 Re7
34. Re8 Kf7 35. R8xe7+ Bxe7 36. Rxe4 Bd6 37. d5 Kf6 38. g4 g5 39. Kg2 h6 40. f4
gxf4 41. exf4 Kf7 42. h3 Kf6 43. Re6+ Kg7 44. Kf3 Kh7 45. Ke4 Kg7 46. Kf5 Kh7
47. Rxd6 cxd6 48. Ke6 {Black resigns} 1-0

[Event "Team 45 45 League T60"]
[Site "Internet Chess Club"]
[Date "2014.03.13"]
[Round "3"]
[White "ElMarginal"]
[Black "SATELLITE-DAN"]
[Result "0-1"]
[WhiteElo "1443"]
[BlackElo "1622"]
[Opening "Sicilian: Najdorf"]
[ECO "B90"]
[Time "22:01:08"]
[TimeControl "2700+45"]

1. e4 c5 2. Nf3 d6 3. d4 cxd4 4. Nxd4 Nf6 5. Nc3 a6 6. Bd3 Nc6 7. Be3 e5 8. Nde2
Be7 9. O-O O-O 10. h3 Be6 11. f4 exf4 12. Nxf4 Ne5 13. Nxe6 fxe6 14. Be2 b5 15.
a3 Rc8 16. Bd4 Nc6 17. Be3 d5 18. exd5 exd5 19. Bf2 d4 20. Nb1 Ne4 21. Nd2 Nxf2
22. Rxf2 Rxf2 23. Kxf2 d3 24. Bg4 Qd4+ 25. Ke1 Bh4+ {White resigns} 0-1

[Event "Team 45 45 League T60"]
[Site "Internet Chess Club"]
[Date "2014.03.12"]
[Round "3"]
[White "KingOfClubs"]
[Black "GideonL"]
[Result "0-1"]
[WhiteElo "1432"]
[BlackElo "1460"]
[Opening "Vienna: Falkbeer variation"]
[ECO "C26"]
[Time "18:00:27"]
[TimeControl "2700+45"]

1. e4 Nf6 2. Nc3 e5 3. d3 Bb4 4. a3 Bxc3+ 5. bxc3 O-O 6. Be2 d5 7. Bg5 dxe4 8.
Bxf6 Qxf6 9. dxe4 Rd8 10. Bd3 Nc6 11. Qf3 Qxf3 12. Nxf3 Bg4 13. Nd2 Be6 14. O-O
a6 15. f4 exf4 16. Rxf4 Ne5 17. Rf2 Nxd3 18. cxd3 Rxd3 19. Rc1 Rad8 20. Nf3 Re3
21. Nd4 Rxe4 22. Re2 Rdxd4 23. Rxe4 Rxe4 24. Rd1 f6 25. Rd8+ Kf7 26. Kf2 Ra4
{White resigns} 0-1

[Event "Team 45 45 League T60"]
[Site "Internet Chess Club"]
[Date "2014.03.16"]
[Round "3"]
[White "ausya"]
[Black "bayoumicardio10"]
[Result "1-0"]
[WhiteElo "1826"]
[BlackElo "1633"]
[Opening "Pirc defense"]
[ECO "B07"]
[Time "18:59:58"]
[TimeControl "2700+45"]

1. e4 d6 2. d4 Nf6 3. f3 g6 4. Nc3 c6 5. Be3 b5 6. a3 Nbd7 7. Nge2 Nb6 8. b3 a6
9. Qd2 Qc7 10. g4 h5 11. g5 Nfd7 12. h4 Bg7 13. f4 c5 14. Ng3 cxd4 15. Bxd4 Bxd4
16. Qxd4 e5 17. fxe5 dxe5 18. Qd2 Bb7 19. O-O-O Rc8 20. Kb2 Nc5 21. Bxb5+ axb5
22. Nxb5 Qd7 23. Qxd7+ Nbxd7 24. Nd6+ Ke7 25. Nxc8+ Rxc8 26. Rhe1 Nb8 27. c4 Nc6
28. b4 Na4+ 29. Kb3 Nb6 30. c5 Nd4+ 31. Rxd4 exd4 32. cxb6 Rc3+ 33. Kb2 Rxg3 34.
Rc1 Rc3 35. Rd1 Rc4 36. Kb3 Rc3+ 37. Ka4 d3 38. b5 Bxe4 39. Kb4 Rc2 40. a4 d2
41. Kb3 Kd7 42. a5 Kc8 43. a6 Kb8 44. b7 Ka7 45. b6+ Kb8 46. a7+ Kxb7 47. Ra1
Kxb6 48. a8=Q Bxa8 49. Kxc2 Bd5 50. Kxd2 Be6 51. Ke3 Kc5 52. Ke4 Kd6 53. Ra6+
Ke7 54. Ke5 Bc4 55. Ra7+ Kd8 56. Kf6 Ke8 57. Rc7 Bb3 58. Rc8+ Kd7 59. Rf8 Be6
60. Rxf7+ Bxf7 61. Kxf7 Kd8 62. Kxg6 Ke8 63. Kxh5 Kf8 64. Kh6 Kg8 65. Kg6 Kh8
66. Kf7 Kh7 67. g6+ Kh8 68. g7+ Kh7 69. g8=Q+ {Black resigns} 1-0

[Event "Team 45 45 League T60"]
[Site "Internet Chess Club"]
[Date "2014.03.13"]
[Round "3"]
[White "uzi"]
[Black "vjbaker"]
[Result "0-1"]
[WhiteElo "1360"]
[BlackElo "1776"]
[Opening "Sicilian: Smith-Morra gambit"]
[ECO "B21"]
[Time "16:32:23"]
[TimeControl "2700+45"]

1. e4 c5 2. d4 cxd4 3. c3 dxc3 4. Nxc3 Nc6 5. Nf3 d6 6. Bc4 e6 7. O-O Be7 8. Qe2
Nf6 9. Re1 O-O 10. Rd1 Qc7 11. Bf4 e5 12. Nb5 Qb8 13. Be3 Ng4 14. Bd2 a6 15. Nc3
b5 16. Bb3 Bb7 17. Nd5 Bd8 18. Rac1 Ne7 19. h3 Nxd5 20. Bxd5 Bxd5 21. exd5 Nf6
22. Bg5 h6 23. Bxf6 Bxf6 24. Rc6 Rc8 25. Rdc1 Rxc6 26. Rxc6 Be7 27. Qc2 Qd8 28.
Rc7 Rb8 29. Qc6 e4 30. Nd2 f5 31. Nb3 f4 32. Nd4 e3 33. fxe3 fxe3 34. Nf5 Bg5
35. Rxg7+ Kh8 36. Rg6 Rc8 37. Rxd6 Qf8 38. Qd7 Rc1+ 39. Kh2 Bf4+ 40. g3 Bxd6 41.
Nxd6 {White resigns} 0-1

[Event "Team 45 45 League T60"]
[Site "Internet Chess Club"]
[Date "2014.03.18"]
[Round "3"]
[White "Joeohio"]
[Black "Hal2001"]
[Result "0-1"]
[WhiteElo "1588"]
[BlackElo "1550"]
[Opening "Robatsch defense"]
[ECO "B34"]
[Time "18:03:55"]
[TimeControl "2700+45"]

1. e4 g6 2. d4 Bg7 3. Nc3 c5 4. Nf3 cxd4 5. Nxd4 Nc6 6. Be3 d6 7. Bc4 e6 8. f3
Nge7 9. Qd2 d5 10. exd5 exd5 11. Bb5 O-O 12. O-O-O a6 13. Bxc6 bxc6 14. Bh6 Bxh6
15. Qxh6 Nf5 16. Nxf5 Bxf5 17. g4 Be6 18. h4 Qf6 19. h5 Qg7 20. Qf4 Rab8 21. Qd4
Qxd4 22. Rxd4 c5 23. Rd2 d4 24. Ne4 Rb5 25. b3 f5 26. Ng5 Bf7 27. Rdh2 fxg4 28.
fxg4 Bd5 29. hxg6 Bxh1 30. gxh7+ Kh8 31. Rxh1 Rb7 32. Rh6 Rg7 33. Rh5 Rf1+ 34.
Kb2 Re7 35. Rh6 Rg7 36. Ne4 Rxh7 37. Rxa6 Rh2 38. Nxc5 Rff2 39. Ra8+ Kh7 40.
Ra7+ Kh8 41. Ra8+ Kh7 42. Ra7+ Kh8 43. Nd3 Rxc2+ 44. Kb1 Rcd2 45. Nc1 Rd1 46.
Rc7 d3 47. a4 d2 48. a5 dxc1=Q+ 49. Rxc1 Rxc1+ 50. Kxc1 Kg7 51. b4 Kf7 52. Kb1
Ke7 53. a6 Kd6 54. a7 Rh8 55. b5 Kc7 56. g5 Kb6 57. g6 Kxa7 58. g7 Rg8 59. b6+
Kxb6 {White resigns} 0-1

[Event "Team 45 45 League T60"]
[Site "Internet Chess Club"]
[Date "2014.03.15"]
[Round "3"]
[White "Chess-Boy"]
[Black "room-matt"]
[Result "0-1"]
[WhiteElo "1624"]
[BlackElo "1830"]
[Opening "Ruy Lopez: classical (Cordel) defense"]
[ECO "C64"]
[Time "01:04:27"]
[TimeControl "2700+45"]

1. e4 e5 2. Nf3 Nc6 3. Bb5 Bc5 4. d3 Nge7 5. c3 Ng6 6. O-O O-O 7. Re1 d6 8. h3
Be6 9. Nbd2 a6 10. Ba4 b5 11. Bc2 Nh4 12. Nf1 Nxf3+ 13. Qxf3 f5 14. Be3 fxe4 15.
Qxe4 d5 {White resigns} 0-1

[Event "Team 45 45 League T60"]
[Site "Internet Chess Club"]
[Date "2014.03.15"]
[Round "3"]
[White "jps7"]
[Black "drsigmund1"]
[Result "1-0"]
[WhiteElo "1740"]
[BlackElo "1530"]
[Opening "Queen's pawn"]
[ECO "A40"]
[Time "13:14:55"]
[TimeControl "2700+45"]

1. d4 e6 2. Nf3 b6 3. e3 Bb7 4. Bd3 f5 5. O-O Nf6 6. b3 Be7 7. Bb2 O-O 8. Nbd2
c5 9. c4 d6 10. Qc2 Nbd7 11. Rad1 Qe8 12. Ng5 Qg6 13. Ngf3 Qg4 14. h3 Qh5 15. e4
fxe4 16. Nxe4 Ne8 17. Ng3 Qh6 18. Bc1 Qf6 19. Bxh7+ Kh8 20. Bg5 Qf7 21. Bg6 Qg8
22. Bxe7 Rxf3 23. gxf3 Bxf3 24. Rde1 e5 25. Qf5 Bb7 26. Qh5+ {Black resigns} 1-0